 Dungeon Crawl Stone Soup version 0.20.1-1-g8b1a95d (webtiles) character file.

84 ReignOfFire the Slasher (level 4, -6/34 HPs)
             Began as a Demonspawn Gladiator on July 25, 2017.
             Killed by divine providence
             ... invoked by an orc priest
              (8 damage)
             ... on level 3 of the Dungeon.
             The game lasted 00:02:24 (1810 turns).

ReignOfFire the Slasher (Demonspawn Gladiator)      Turns: 1810, Time: 00:02:26

Health: -6/34      AC:  4    Str: 14    XL:     4   Next: 23%
Magic:  4/4        EV: 15    Int:  9    God:
Gold:   52         SH:  0    Dex: 16    Spells: 3/3 levels left

rFire    . . .     SeeInvis .   a - +0 long sword
rCold    + . .     Gourm    .   (no shield)
rNeg     . . .     Faith    .   l - +0 leather armour {MR+}
rPois    .         Spirit   .   c - +0 helmet
rElec    .         Reflect  .   (no cloak)
rCorr    .         Harm     .   (no gloves)
MR       +....     Rnd*Tele +   (no boots)
Stlth    +.........             (no amulet)
Regen    0.2/turn               e - ring of protection from cold
MPRegen  0.1/turn               k - ring of teleportation (curse)

@: no status effects
A: claws 1, repulsion field 1
a: no special abilities


You were on level 3 of the Dungeon.
You were not hungry.

You visited 1 branch of the dungeon, and saw 3 of its levels.

You collected 52 gold pieces.

Inventory:

Hand Weapons
 a - a +0 long sword (weapon)
Missiles
 d - 3 throwing nets (quivered)
Armour
 c - a +0 helmet (worn)
 l - a +0 leather armour of magic resistance (worn)
Jewellery
 e - a ring of protection from cold (left claw)
 k - a cursed ring of teleportation (right claw)
 n - an uncursed ring of fire {unknown}
Scrolls
 h - a scroll of amnesia
 o - 2 scrolls of identify
Potions
 i - 2 potions of might {unknown}
 m - a potion of cancellation {unknown}
 p - a potion of brilliance {unknown}
Comestibles
 f - a bread ration
 g - a royal jelly
 j - 2 meat rations


   Skills:
 + Level 2.4 Fighting
 + Level 3.9 Long Blades
 + Level 1.8 Throwing
 + Level 0.6 Armour
 + Level 3.1 Dodging
 + Level 0.2 Stealth


You had 3 spell levels left.
You didn't know any spells.

Dungeon Overview and Level Annotations

Branches:
Dungeon (3/15)

Altars:
Qazlal
Xom


Innate Abilities, Weirdness & Mutations

You have sharp fingernails.
You are surrounded by a mild repulsion field. (EV +2)


Message History

Unknown command.
You hit the orc priest but do no damage.
The orc priest is severely wounded.
The orc priest barely misses you.
You riposte.
You hit the orc priest.
The orc priest is heavily wounded.
The orc priest looks satisfied for a moment.
You completely miss the orc priest.
The orc priest is severely wounded.
The orc priest hits you with a flail.
* * * LOW HITPOINT WARNING * * *
The orc priest barely misses you.
You riposte.
You closely miss the orc priest.
The orc priest is severely wounded.
Unknown command.
You hit the orc priest.
The orc priest is almost dead.
The orc priest mumbles some strange prayers to Beogh against you.
You resist with some effort.
The orc priest calls down the wrath of Beogh upon you.
Beogh smites you!
You die...

+...........
..####....#######+##
..(^≈≈..### #.....#
^(^.#.^'### #.....#
§..^#≈^...# #.....#
..#≈≈^§..# #.....#
.≈.^^≈...# #.....#
._........## #oo...#
§.^..^≈....# #@)...#
§.^#^≈.....###.....#
§..###......##.....#
#.............#
^^≈#####..####+##
... ...... .#######
#####... .......#
##... ######.# ....


You could see 2 orc priests.

Vanquished Creatures
  3 adders
  2 oozes
  A worm (D:2)
  A leopard gecko (D:2)
  An orc (D:3)
  2 giant cockroaches
  6 goblins
  4 hobgoblins
  2 quokkas
  A ball python (D:1)
  A bat (D:1)
  7 frilled lizards
  8 kobolds
  4 rats
43 creatures vanquished.

Notes
Turn   | Place    | Note
-------+----------+-------------------------------------------
     0 | D:1      | ReignOfFire the Demonspawn Gladiator began the quest for the Orb.
     0 | D:1      | Reached XP level 1. HP: 16/16 MP: 1/1
   332 | D:1      | Gained mutation: You are surrounded by a mild repulsion field. (EV +2) [demonic ancestry]
   332 | D:1      | Reached XP level 2. HP: 22/22 MP: 2/2
  1042 | D:2      | Reached XP level 3. HP: 22/28 MP: 3/3
  1112 | D:2      | Found a shimmering altar of Xom.
  1599 | D:3      | Gained mutation: You have sharp fingernails. [demonic ancestry]
  1599 | D:3      | Reached XP level 4. HP: 22/34 MP: 4/4
  1782 | D:3      | Found a stormy altar of Qazlal.
  1810 | D:3      | Killed from afar by an orc priest

Skill      XL: |  1  2 |
---------------+-------+-----
Long Blades    | 3 |  3.9
Dodging        | 3 |  3.1
Fighting       | |  2.4
Throwing       | |  1.8
Armour         | |  0.6
Stealth        | |  0.2

Action                   |  1- 3 |  4- 6 || total
-------------------------+-------+-------++-------
Melee: Long sword        |   103 |    15 ||   118
  Use: Scroll            |     2 |       ||     2
 Stab: Sleeping          |       |     1 ||     1
  Eat: Chunk             |     2 |     1 ||     3
Armor: Leather armour    |    25 |     2 ||    27
Dodge: Dodged            |   102 |    14 ||   116
       Rpst.: Long sword |    27 |     6 ||    33
